[Event "*** SCC Grand Prix: Titled Tuesday Blitz"]
[Site "Chess.com"]
[Date "2020.08.11"]
[Round "1"]
[White "Unknown_IM"]
[Black "kakarot_001"]
[Result "0-1"]
[WhiteElo "2403"]
[BlackElo "2826"]
[TimeControl "180+1"]
[EndTime "10:07:38 PDT"]
[Termination "kakarot_001 won by resignation"]

1. Nf3 Nf6 2. c4 b6 3. g3 Bb7 4. Bg2 e6 5. O-O Be7 6. b3 O-O 7. Bb2 d5 8. e3 Nbd7 9. Qe2 c5 10. Rd1 Rc8 11. Nc3 a6 12. d3 Rc7 13. Rac1 Qa8 14.
h3 Rd8 15. g4 Nf8 16. g5 Ne8 17. cxd5 exd5 18. d4 Ne6 19. h4 Rdc8 20. Na4 Qa7 21. dxc5 bxc5 22. Ne5 d4 23. Bxb7 Qxb7 24. exd4 cxd4 25.
Rxc7 N8xc7 26. Bxd4 Nf4 27. Qg4 Nce6 28. Be3 Nd5 29.
Nc4 Nxe3 30. Nxe3 g6 31. Nb2 Qc7 32. Nbc4 Rd8 33. Rxd8+ Qxd8 34. Qd1 Qc7 35. Qd5 Qf4 36. Qa8+ Kg7 37. Qh1 Nd4 38. Qh2 Nf3+ 39. Kf1 Nxh2+ 40. Ke2 Nf3 0-1

[Event "*** SCC Grand Prix: Titled Tuesday Blitz"]
[Site "Chess.com"]
[Date "2020.08.11"]
[Round "1"]
[White "Rodalquilar"]
[Black "vesalhamedinia"]
[Result "1-0"]
[WhiteElo "2625"]
[BlackElo "2276"]
[TimeControl "180+1"]
[EndTime "10:07:39 PDT"]
[Termination "Rodalquilar won by checkmate"]

1. d4 d5 2. c4 e6 3. Nc3 Be7 4. cxd5 exd5 5. Bf4 c6 6. e3 Bf5 7. Nge2 Nd7 8. Ng3 Bg6 9. h4 h6 10. h5 Bh7 11. Bd3 Bxd3 12. Qxd3 Nf8 13. Nf5 Ne6 14. g4 Nf6 15. f3 Qd7 16. Bg3 O-O 17. O-O-O b5 18.
Kb1 a5 19. Rdg1 a4 20. Be5 b4 21. Ne2 a3 22. b3 c5 23. g5 c4 24. Nxe7+ Kh8 25.
Qf5 Nxg5 26. Bxf6 Qxf5+ 27. Nxf5 gxf6 28. Nxh6 Nxf3 29. Rg4 Nd2+ 30. Kc2 cxb3+ 31. axb3 Ne4 32. Nf4 Rac8+ 33. Kb1 Nf2 34. Rhg1 Nxg4 35. Rxg4 Rc3 36. Nxd5 Rd3 37. Nxf6 Rxb3+ 38. Kc2 a2 39. Nxf7+ Rxf7 40. Rg8# 1-0

[Event "*** SCC Grand Prix: Titled Tuesday Blitz"]
[Site "Chess.com"]
[Date "2020.08.11"]
[Round "1"]
[White "NateSolon"]
[Black "politeplayer"]
[Result "1/2-1/2"]
[WhiteElo "2552"]
[BlackElo "2209"]
[TimeControl "180+1"]
[EndTime "10:07:39 PDT"]
[Termination "Game drawn by repetition"]

1. d4 d5 2. c4 c5 3. Nf3 cxd4 4. cxd5 Qxd5 5. Nc3 Qa5 6. Nxd4 Bd7 7. g3 Nc6 8. Bg2 Rd8 9. Nxc6 Bxc6 10. Bxc6+ bxc6 11. Qc2 Nf6 12. O-O e6 13. Na4 c5 14. Be3 Nd5 15.
Bxc5 Bxc5 16. Nxc5 Rc8 17. Rfc1 O-O 18. a3 Qc7 19. Qa4 Qd6 20. Nd3 h5 21. Qd4 Qb6 22.
Qxb6 Nxb6 23. Kf1 f6 24. h4 Kf7 25. e4 Nc4 26. Ke2 Rfd8 27. Rc3 Nxb2 28. Rxc8 Rxc8 29.
Nxb2 Rc2+ 30. Kf1 Rxb2 31. Rc1 Rb7 32. Rc6 f5 33. exf5 exf5 34. Kg2 g6 35. Kf3 Re7 36.
a4 Re4 37. a5 Ra4 38. Rc7+ Kf6 39. Rxa7 Ra3+ 40. Kg2 f4 41. gxf4 Kf5 42. a6 Ke4 43. Re7+ Kxf4 44. a7 Kg4 45. Re4+ Kf5 46. Re7 Kg4 47. Re4+ Kf5 48. Re7 Kg4 1/2-1/2

[Event "*** SCC Grand Prix: Titled Tuesday Blitz"]
[Site "Chess.com"]
[Date "2020.08.11"]
[Round "1"]
[White "maxip32"]
[Black "Spriteball"]
[Result "0-1"]
[WhiteElo "2476"]
[BlackElo "2078"]
[TimeControl "180+1"]
[EndTime "10:07:39 PDT"]
[Termination "Spriteball won on time"]

1. e4 e5 2. Nf3 Nc6 3. Bc4 Nf6 4.
d3 Be7 5. O-O O-O 6. Re1 d6 7. c3 Na5 8. Bb5 a6 9. Ba4 b5 10. Bc2 c5 11. Nbd2 Nc6 12. a4 b4 13.
Nc4 Be6 14. Ne3 Qc7 15. Ng5 d5 16. Nxe6 fxe6 17. Ng4 Rad8 18. Nxf6+ Bxf6 19. Qg4 Qf7 20. Re2 c4 21. dxc4 d4 22. Qg3 Bh4 23. Qxh4 d3 24. Bxd3 Rxd3 25. Bd2 Na5 26. cxb4 Nb3 27. Rd1 Rfd8 28.
Qg5 h6 29. Qxe5 Nxd2 30. Rde1 Nxc4 31. Qc5 e5 32. h3 R3d4 33. b5 axb5 34. axb5 Qd7 35.
b3 Nd6 36. b6 Qe6 37. Qc7 Rc8 38. Qa7 Rb4 39. Rd2 Nxe4 40. Rxe4 Rxe4 41. b7 Re1+ 42. Kh2 Rf8 43. b8=Q Rxb8 44. Qxb8+ Kh7 45. Qb4 Qf5 46.
Qc5 Qf4+ 47. g3 Qf3 48. Qc2+ e4 0-1

[Event "*** SCC Grand Prix: Titled Tuesday Blitz"]
[Site "Chess.com"]
[Date "2020.08.11"]
[Round "1"]
[White "Sharpchess22"]
[Black "zajka-molotok"]
[Result "1-0"]
[WhiteElo "2804"]
[BlackElo "2401"]
[TimeControl "180+1"]
[EndTime "10:07:40 PDT"]
[Termination "Sharpchess22 won by resignation"]

1. d4 d5 2. c4 c6 3. Nf3 Nf6 4. Qb3 dxc4 5. Qxc4 Bf5 6. g3 e6 7. Bg2 Be7 8. O-O O-O 9. e3 Nbd7 10. Qe2 Ne4 11. Ne1 Nd6 12. Nd3 Bg6 13. Rd1 Qa5 14.
Nc3 Rad8 15. e4 Rfe8 16. Bf4 Qa6 17. Rac1 Nc4 18. h4 h6 19. b3 Nd6 20. Be3 Nb5 21.
Na4 Nd6 22. Bf4 Nb5 23. Qe3 Ba3 24. Rc2 Bd6 25. e5 Bf8 26. Be4 Bxe4 27. Qxe4 Be7 28. Be3 Nf8 29. Qg4 Kh8 30. Qf3 Qa5 31. Qxf7 Ba3 32.
Nf4 Re7 33. Ng6+ Nxg6 34. Qxg6 Rf8 35. Kh2 Qd8 36. Nc5 Qe8 37. Qe4 a6 38. Nd3 Ref7 39.
Nf4 Rf5 40. g4 Rxf4 41. Bxf4 Nc7 42. Bg3 Nd5 43. h5 Be7 44. f4 Qf7 45. Rf2 Bb4 46. Rd3 Qe7 47. f5 Nc3 48. Qf3 Nd5 49. Qe2 Qe8 50.
f6 gxf6 51. exf6 Rf7 52. Qe4 Bf8 53. Be5 Qd7 54. Qg6 1-0

[Event "*** SCC Grand Prix: Titled Tuesday Blitz"]
[Site "Chess.com"]
[Date "2020.08.11"]
[Round "1"]
[White "Kotofeyca"]
[Black "Love_craft"]
[Result "1-0"]
[WhiteElo "2289"]
[BlackElo "2598"]
[TimeControl "180+1"]
[EndTime "10:07:41 PDT"]
[Termination "Kotofeyca won on time"]

1. d4 Nf6 2. c4 g6 3. f3 d6 4. e4 Nbd7 5. Nc3 c6 6. Be3 e5 7. Nge2 Qe7 8. Qd2 Bg7 9. O-O-O h5 10. Kb1 a6 11. Nc1 b5 12. dxe5 dxe5 13. Nb3 O-O 14.
Qd6 Qxd6 15. Rxd6 Nb8 16. Na5 Ne8 17. Rd2 Nc7 18. Bc5 Re8 19. Bd6 Ne6 20. Bxb8 Rxb8 21. Nxc6 Rb6 22. cxb5 axb5 23. Bxb5 Nd4 24. Nxd4 exd4 25.
Bxe8 dxc3 26. Rc2 Ba6 27. Rd1 Rb8 28. Ba4 cxb2 29. Bb3 h4 30. Rd7 Be5 31. Rxb2 Bxb2 32. Kxb2 g5 33. Kc3 Rf8 34. Kd4 Bf1 35. g3 h3 36. f4 gxf4 37. gxf4 Kg7 38. e5 Bg2 39. e6 Rb8 40. Rxf7+ Kg6 41. f5+ Kg5 42. e7 Kf4 43. Rf8 Rb4+ 44. Kc3 Re4 45. f6 1-0

[Event "*** SCC Grand Prix: Titled Tuesday Blitz"]
[Site "Chess.com"]
[Date "2020.08.11"]
[Round "1"]
[White "Oligan22"]
[Black "mishanick"]
[Result "0-1"]
[WhiteElo "2448"]
[BlackElo "3004"]
[TimeControl "180+1"]
[EndTime "10:07:42 PDT"]
[Termination "mishanick won on time"]

1. e4 c5 2. Nf3 d6 3. d4 cxd4 4.
Nxd4 Nf6 5. Nc3 a6 6. Be3 e5 7. Nb3 Be6 8. h3 Nc6 9. Qf3 Na5 10. O-O-O Rc8 11. Bg5 Be7 12. g4 h6 13. Bd2 Nc4 14.
Bxc4 Rxc4 15. Qd3 Qc7 16. f4 b5 17. f5 Bc8 18. Kb1 Bb7 19. Rhe1 O-O 20. Nd5 Bxd5 21. exd5 e4 22. Qg3 Rc8 23. c3 Nxd5 24. Nd4 Bf6 25. g5 hxg5 26. Bxg5 Be5 27. Qg4 Rxc3 28. f6 Bxf6 29.
Bxf6 Nxf6 30. Qg5 Rc5 31. Nf5 g6 32. Nh6+ Kg7 33. Qf4 Nh5 34. Qd2 e3 35. Rxe3 Rc2 36. Qd4+ Kxh6 37. Ree1 Kh7 38. Rf1 Rc4 39. Qd2 f5 40.
Qd5 Qg7 41. Rg1 Rc2 42. Rd4 R8c4 0-1

[Event "*** SCC Grand Prix: Titled Tuesday Blitz"]
[Site "Chess.com"]
[Date "2020.08.11"]
[Round "1"]
[White "nrvisakh"]
[Black "juancruzarias"]
[Result "1-0"]
[WhiteElo "2751"]
[BlackElo "2377"]
[TimeControl "180+1"]
[EndTime "10:07:43 PDT"]
[Termination "nrvisakh won by resignation"]

1. e4 e6 2. d4 d5 3. e5 c5 4. c3 Qb6 5. Nf3 Nc6 6. a3 Nh6 7. b4 cxd4 8. cxd4 Nf5 9. Be3 f6 10.
exf6 gxf6 11. Nc3 Nxe3 12. fxe3 Bh6 13. Qd2 O-O 14. Bd3 Kh8 15. O-O Nxd4 16. Rae1 Bd7 17. Bb1 Nxf3+ 18. Rxf3 f5 19. Rh3 Bg7 20. Ne2 e5 21. Qxd5 Rad8 22. Qf3 a5 23. Qh5 h6 24. bxa5 Qxa5 25. Rf1 Qxa3 26. Ng3 Qxe3+ 27. Kh1 e4 28. Nxf5 Qc5 29. Bxe4 Bxf5 30. Rhf3 Qc4 31. Bxf5 Rf6 32.
h3 Rdf8 33. Bd3 Qd4 34. Bf5 Qe5 35. Qg4 b5 36. R3f2 b4 37. Re2 Qc3 38. Re7 R6f7 39.
Rxf7 Rxf7 40. Qg6 Kg8 41. Be6 1-0

[Event "*** SCC Grand Prix: Titled Tuesday Blitz"]
[Site "Chess.com"]
[Date "2020.08.11"]
[Round "1"]
[White "UmbertoConcelli"]
[Black "Duong57"]
[Result "1-0"]
[WhiteElo "2717"]
[BlackElo "2356"]
[TimeControl "180+1"]
[EndTime "10:07:44 PDT"]
[Termination "UmbertoConcelli won by resignation"]

1. d4 d5 2. Nf3 Nf6 3. Bg5 c5 4. e3 Nc6 5. c3 Ne4 6. Bh4 Qb6 7.
Qb3 c4 8. Qc2 Bf5 9. Qc1 e6 10. Nbd2 Bd6 11. Be2 O-O 12. O-O Qc7 13. Bg3 h6 14. Nxe4 Bxe4 15. Nd2 Bg6 16. e4 b5 17. Bf3 Ne7 18. e5 Bxe5 19. Bxe5 Qb6 20.
b4 a5 21. a3 Nc6 22. Bg3 Ra6 23. Qb2 Rfa8 24. bxa5 Rxa5 25. Rfe1 Ne7 26. Bd1 Qa6 27. Bc2 Bxc2 28. Qxc2 Rxa3 29. Rxa3 Qxa3 30. Rb1 Ra5 31. Nf3 Nc6 32. Bc7 Ra7 33. Bb6 Rb7 34. Bc5 b4 35.
cxb4 Nxb4 36. Qb2 Qd3 37. Ne1 Qe4 38. Bxb4 c3 39. Qc2 Qxd4 40. Nd3 Qe4 41. Bxc3 Rxb1+ 42. Qxb1 d4 43. Be1 e5 44. f3 Qe3+ 45. Bf2 Qe2 46. Nc5 f6 47. h3 h5 48. Qe4 Qd1+ 49. Kh2 Qc1 50. Nd3 Qd2 51. Bg3 Kf7 52. Qf5 Qe2 53.
Nxe5+ Kg8 54. Nd3 1-0

[Event "*** SCC Grand Prix: Titled Tuesday Blitz"]
[Site "Chess.com"]
[Date "2020.08.11"]
[Round "1"]
[White "DenLaz"]
[Black "Andrii_Prydun"]
[Result "1-0"]
[WhiteElo "2696"]
[BlackElo "2345"]
[TimeControl "180+1"]
[EndTime "10:07:45 PDT"]
[Termination "DenLaz won by resignation"]

1. d4 d5 2. Bg5 h6 3. Bh4 c5 4. c3 cxd4 5. cxd4 Nc6 6. Nc3 Qa5 7. e3 Bf5 8. Qb3 Qb4 9. Qxb4 Nxb4 10. Kd2 e6 11. Bb5+ Nc6 12. Nf3 Bd6 13. Bg3 Bxg3 14. hxg3 Ne7 15. Rhc1 f6 16. Na4 Kf7 17. Nc5 Rhb8 18.
Rc3 a6 19. Be2 Ke8 20. Nh4 Kf7 21. Nxf5 Nxf5 22. Rac1 Nd6 23. f3 Na5 24. b3 Rc8 25. Nd7 Rxc3 26. Rxc3 Rc8 27. Rxc8 Nxc8 28. Kc3 Nc6 29. Nc5 Nd6 30. a4 Ke7 31. b4 Nf5 32.
Nxb7 Nxe3 33. Bxa6 Nxg2 34. b5 Nb8 35. Kb4 f5 36.
Kc5 f4 37. g4 Ne1 38. Kb6 Nxf3 39. Kc7 Nxd4 40. Kxb8 f3 41. b6 Nc6+ 42. Kc7 Nb4 43.
Bf1 d4 44. Nc5 Nd5+ 45. Kc6 Ne3 46. b7 1-0

[Event "*** SCC Grand Prix: Titled Tuesday Blitz"]
[Site "Chess.com"]
[Date "2020.08.11"]
[Round "1"]
[White "CaspiIsrael"]
[Black "Chessalary"]
[Result "1-0"]
[WhiteElo "2636"]
[BlackElo "2290"]
[TimeControl "180+1"]
[EndTime "10:07:45 PDT"]
[Termination "CaspiIsrael won by resignation"]

1. e4 d5 2. exd5 Qxd5 3. Nc3 Qd8 4. d4 Nf6 5. Nf3 g6 6. Bg5 Bg7 7. Qd2 O-O 8. O-O-O a6 9. h4 Bg4 10. Be2 b5 11.
Bh6 b4 12. Na4 Ne4 13. Qe3 Bxh6 14. Qxh6 f6 15. Bc4+ e6 16. Qe3 f5 17. Nc5 Nxc5 18. dxc5 Qe7 19. Rde1 Kg7 20. Qd4+ Qf6 21. Ne5 Rd8 22.
Qf4 Bh5 23. f3 Nd7 24. Nc6 e5 25. Nxe5 Nxe5 26. Rxe5 Re8 27. Rhe1 Rxe5 28. Rxe5 Rd8 29. Qe3 f4 30. Qe2 Rd7 31. Bxa6 Kh6 32. Bb5 c6 33. Bc4 Rd4 34. Bd3 Rd5 35. Rxd5 cxd5 36. Qf2 Qe7 37. Kd2 Qe5 38. c3 Qf6 39. Qd4 bxc3+ 40. Kxc3 Qxh4 41.
c6 Qe7 42. Qxd5 g5 43. Qd7 Qc5+ 44. Bc4 Qe3+ 45. Kb4 Qb6+ 46. Ka4 Qa7+ 47. Qxa7 Bg6 48. c7 g4 49. c8=Q gxf3 50. Qh3+ Kg5 51. gxf3 h5 52. Qc5+ Bf5 53. Qhxf5+ Kh6 54. Qd6+ Kg7 55.
Qdg6+ 1-0

[Event "*** SCC Grand Prix: Titled Tuesday Blitz"]
[Site "Chess.com"]
[Date "2020.08.11"]
[Round "1"]
[White "poppy73"]
[Black "AliKa2810"]
[Result "0-1"]
[WhiteElo "2272"]
[BlackElo "2616"]
[TimeControl "180+1"]
[EndTime "10:07:46 PDT"]
[Termination "AliKa2810 won by checkmate"]

1. e4 e5 2. Nf3 Nc6 3. Bb5 Nf6 4. d3 Bc5 5. O-O O-O 6. c3 d6 7. d4 exd4 8. cxd4 Bb6 9. Nc3 Bg4 10. Bxc6 bxc6 11.
Be3 Re8 12. h3 Bh5 13. Qd3 Bg6 14. Bg5 h6 15. Bh4 Bh7 16. Rfe1 d5 17. Ne5 dxe4 18. Qc4 Re6 19. Nxc6 Qe8 20. d5 Rd6 21. Bg3 Rd7 22. Na4 Nxd5 23. Nxb6 Nxb6 24. Qc2 e3 25.
Qc3 Rd3 26. Rxe3 Rxc3 27. Rxe8+ Rxe8 28. bxc3 Nd5 29. Nb4 Nxc3 30. Bxc7 Re4 31. Nc6 Rc4 32. Ne7+ Kf8 33. Bd6 Nb5 34. Nc8+ Nxd6 35. Nxd6 Rc2 36.
Nb5 a6 37. Nd4 Rd2 38. Nf3 Rb2 39. a3 Ke7 40. Re1+ Kd7 41. Re3 Bf5 42. Rc3 Be6 43.
Nd4 Bd5 44. g3 Rb1+ 45. Kh2 Rh1# 0-1

[Event "*** SCC Grand Prix: Titled Tuesday Blitz"]
[Site "Chess.com"]
[Date "2020.08.11"]
[Round "1"]
[White "Nara_Kh"]
[Black "1977Ivan"]
[Result "0-1"]
[WhiteElo "2313"]
[BlackElo "2658"]
[TimeControl "180+1"]
[EndTime "10:07:47 PDT"]
[Termination "1977Ivan won by checkmate"]

1. e4 c5 2. Be2 Nc6 3. f4 d5 4. exd5 Qxd5 5. Nf3 Nf6 6. Na3 g6 7. d4 cxd4 8. Nb5 Qd8 9. Nbxd4 Nxd4 10. Nxd4 Bg7 11.
O-O O-O 12. c3 Bd7 13. Bf3 Qc7 14. Be3 e6 15. c4 Qxc4 16. Rc1 Qb4 17. Rc7 Qxb2 18.
Rxb7 Qxa2 19. Qd3 Rfd8 20. Rf2 Qa5 21. Qb3 Nd5 22. Bxd5 Qxd5 23. Qxd5 exd5 24. Ra2 a5 25. Kf2 a4 26. Ke2 Rab8 27. Ra7 Rb4 28. Kd3 Bxd4 29.
Bxd4 Bf5+ 30. Ke3 Re8+ 31. Be5 f6 32. R2xa4 Rxa4 33. Rxa4 fxe5 34. fxe5 Rxe5+ 35. Kf3 Re7 36. Ra6 Rd7 37. Ke3 d4+ 38. Kd2 Kg7 39. Rb6 h5 40. Ra6 Kh6 41. Rb6 Kg5 42. Ra6 h4 43. Rb6 d3 44. Ra6 Rc7 45. Ra2 Kf4 46. Ra4+ Be4 47. g3+ hxg3 48. hxg3+ Kf3 49. Rb4 Rc2+ 50.
Kd1 Ra2 51. Rd4 Ke3 52. Rc4 Ra1+ 53. Rc1 Bf3+ 54. Ke1 Rxc1# 0-1

[Event "*** SCC Grand Prix: Titled Tuesday Blitz"]
[Site "Chess.com"]
[Date "2020.08.11"]
[Round "1"]
[White "Shahinyan_ChessMood"]
[Black "Ladislav1969"]
[Result "1-0"]
[WhiteElo "2682"]
[BlackElo "2341"]
[TimeControl "180+1"]
[EndTime "10:07:48 PDT"]
[Termination "Shahinyan_ChessMood won by checkmate"]

1. e4 c5 2. Nc3 Nc6 3. g3 g6 4. Bg2 Bg7 5. d3 e6 6. Be3 Nd4 7. Qd2 Qa5 8. f4 Ne7 9. Nf3 d6 10. O-O O-O 11. Nd5 Qd8 12. Nxe7+ Qxe7 13. c3 Nxf3+ 14.
Rxf3 b6 15. Raf1 Bb7 16. R3f2 f5 17. Re2 Rfe8 18. Rfe1 fxe4 19. dxe4 Rad8 20. Bf2 Ba6 21. Re3 Qd7 22. Rd1 Qa4 23. b3 Qa5 24. Qc2 c4 25. b4 Qa3 26. Be1 Bb5 27. Rd2 Ba4 28.
Qb2 Qxb2 29. Rxb2 a6 30. Rd2 Kf7 31. Bf2 a5 32. a3 axb4 33. axb4 Bb3 34. Rf3 Bf6 35.
Bxb6 Ra8 36. Rxd6 Ra1+ 37. Bf1 Bc2 38. Kg2 Bxe4 39. Be2 Ra2 40. Kf1 Bxf3 41. Bxf3 Bxc3 42. Bc5 Bf6 43. Bc6 Rd8 44. Bd7 Be7 45. Bxe6+ Kf6 46. Bd4# 1-0

[Event "*** SCC Grand Prix: Titled Tuesday Blitz"]
[Site "Chess.com"]
[Date "2020.08.11"]
[Round "1"]
[White "AvitalBor"]
[Black "XiaoKangZhong"]
[Result "0-1"]
[WhiteElo "2818"]
[BlackElo "2425"]
[TimeControl "180+1"]
[EndTime "10:07:49 PDT"]
[Termination "XiaoKangZhong won on time"]

1. e4 c6 2. c4 d5 3. cxd5 cxd5 4. exd5 Nf6 5. Nc3 g6 6. Nf3 Bg7 7. Bc4 O-O 8. O-O a6 9. d4 b5 10. Bb3 Bb7 11. Re1 Re8 12. Bg5 Nbd7 13. Ne5 Nb6 14. Nc6 Qd7 15. Qf3 Nbxd5 16. Nxd5 Bxc6 17. Bxf6 exf6 18. Nxf6+ Bxf6 19. Qxf6 Bd5 20. h3 Re6 21. Rxe6 Bxe6 22. Re1 Bxb3 23. axb3 Qd5 24. b4 Qc4 25. Re7 Rf8 26. h4 Qxb4 27. h5 Qxb2 28. Re3 Qc1+ 29.
Kh2 Qc7+ 30. f4 Qd8 31. Qe5 f6 32. Qe6+ Rf7 33. hxg6 hxg6 34. d5 Kg7 35. d6 Rd7 36. Rd3 a5 37. f5 g5 38. Qd5 b4 39. Qc6 Kf7 40. Qc4+ Kg7 41. Qc6 Kf7 42. Rd5 Kg7 43. Rb5 Rxd6 44. Rb7+ Kh6 45. Qc4 Rd4 0-1

[Event "*** SCC Grand Prix: Titled Tuesday Blitz"]
[Site "Chess.com"]
[Date "2020.08.11"]
[Round "1"]
[White "HanSchut"]
[Black "wannabe2700"]
[Result "0-1"]
[WhiteElo "2330"]
[BlackElo "2672"]
[TimeControl "180+1"]
[EndTime "10:07:49 PDT"]
[Termination "wannabe2700 won on time"]

1. e4 c6 2. d4 d5 3. exd5 cxd5 4. c4 Nf6 5. Nc3 Nc6 6. Nf3 Bg4 7. cxd5 Nxd5 8. Qb3 Bxf3 9. gxf3 e6 10. Qxb7 Nxd4 11.
Bb5+ Nxb5 12. Qc6+ Ke7 13. Qxb5 Rc8 14. Bg5+ f6 15.
Nxd5+ Qxd5 16. Qxd5 exd5 17. Be3 a6 18. Kd2 Ke6 19. Kd3 Bd6 20. Rhe1 Kf5 21. h3 Be5 22. Rab1 Rc4 23. Rec1 Rxc1 24. Bxc1 Rc8 25. Bd2 Rc4 26. b4 Rh4 27. a4 Rxh3 28. b5 axb5 29. axb5 Rxf3+ 30. Ke2 Ra3 31. b6 h5 32. b7 Bb8 33. Be3 g5 34.
Rb5 Ke4 35. Rb6 d4 36. Rb4 Ra2+ 37. Kd1 Kf3 38. Rxd4 Rb2 39. Rd7 h4 40. Kc1 Rb5 41.
Rh7 h3 42. Rxh3+ Ke4 43. Rh7 f5 44. Kc2 f4 45. Bd2 Kf3 46. Rh2 Rxb7 47. Kd3 g4 0-1

[Event "*** SCC Grand Prix: Titled Tuesday Blitz"]
[Site "Chess.com"]
[Date "2020.08.11"]
[Round "1"]
[White "serena-maria"]
[Black "xamax2000"]
[Result "0-1"]
[WhiteElo "2265"]
[BlackElo "2613"]
[TimeControl "180+1"]
[EndTime "10:07:49 PDT"]
[Termination "xamax2000 won by checkmate"]

1. Nf3 Nf6 2. g3 g6 3. Bg2 Bg7 4. O-O O-O 5. c4 d6 6. Nc3 e5 7.
d3 a5 8. Rb1 Na6 9. a3 c6 10.
b4 axb4 11. axb4 Re8 12. Qb3 Nc7 13. b5 d5 14. bxc6 bxc6 15. cxd5 cxd5 16. Bg5 h6 17. Bxf6 Bxf6 18. Nd2 Be6 19. Qc2 Rc8 20. Rb7 Bg7 21. Qa4 f5 22. Nb3 e4 23. d4 Bd7 24. Qa5 Bc6 25. Ra7 Ne6 26. e3 Rb8 27. Qxd8 Rexd8 28. Na5 Ba8 29. Rc1 Rdc8 30. Bf1 Bf8 31. Ba6 Rc7 32.
Rxc7 Nxc7 33. Be2 Ba3 34. Rc2 Bb4 35. Nb3 Ne6 36. Nb5 Kf7 37. Nc5 Bxc5 38. dxc5 Bc6 39. Nd6+ Ke7 40. Ba6 Rb1+ 41. Kg2 d4 42. exd4 e3+ 43.
Kh3 Nxd4 44. Ra2 g5 45. fxe3 Nf3 46. g4 Rg1 47. gxf5 g4# 0-1

[Event "*** SCC Grand Prix: Titled Tuesday Blitz"]
[Site "Chess.com"]
[Date "2020.08.11"]
[Round "1"]
[White "Adham_Fawzy"]
[Black "Tashik"]
[Result "1/2-1/2"]
[WhiteElo "2726"]
[BlackElo "2374"]
[TimeControl "180+1"]
[EndTime "10:07:50 PDT"]
[Termination "Game drawn by repetition"]

1. e4 e5 2. Nf3 Nc6 3. Bb5 a6 4. Bxc6 dxc6 5. O-O Qf6 6. d4 exd4 7. e5 Qg6 8. Qxd4 Be7 9. Bf4 Nh6 10. Nc3 O-O 11.
Bxh6 Qxh6 12. Ne4 Bf5 13. Rfe1 Qg6 14. Ng3 Bxc2 15. Qd7 Qe6 16. Qxc7 Rfd8 17. Qxb7 Rab8 18. Qxa6 Rxb2 19. Re2 Bd3 20. Qxd3 Rxd3 21. Rxb2 h6 22. a4 Qd5 23. Rba2 Rd1+ 24. Nf1 Rxa1 25. Rxa1 Bb4 26.
Ne3 Qb3 27. Nd4 Qb2 28. Ndc2 Bc5 29. Rf1 Qa2 30. Ra1 Qb2 31. Rd1 Kh7 32. g3 Bxe3 33. Nxe3 Qa3 34. Rd7 Qxa4 35. Rxf7 Qa1+ 36. Kg2 Qxe5 37.
h4 Kg6 38. Rf4 c5 39. Rg4+ Kh7 40. Rc4 Qd6 41. Kf3 g6 42. Ke2 h5 43. Rf4 Kg7 44.
Rc4 Qe7 45. Rf4 Qd6 46. Rc4 Qb6 47. Rf4 Qb2+ 48. Kf3 Qb3 49. Rc4 Qb6 50. Ke2 Qc6 51. Kd3 Qd6+ 52. Ke2 1/2-1/2

[Event "*** SCC Grand Prix: Titled Tuesday Blitz"]
[Site "Chess.com"]
[Date "2020.08.11"]
[Round "1"]
[White "DinaBelenkaya"]
[Black "Leonid_Starozhilov"]
[Result "0-1"]
[WhiteElo "2346"]
[BlackElo "2697"]
[TimeControl "180+1"]
[EndTime "10:07:50 PDT"]
[Termination "Leonid_Starozhilov won by checkmate"]

1. e4 g6 2. d4 Bg7 3. Nc3 d6 4.
f4 Nf6 5. Bd3 Nc6 6. Nf3 Bg4 7.
Be3 e5 8. dxe5 dxe5 9. f5 gxf5 10. exf5 Nd4 11. O-O Bxf3 12. gxf3 Qd7 13. Kh1 O-O-O 14.
Rg1 Rhg8 15. Ne4 Nd5 16. Bg5 f6 17. Bh4 Kb8 18. Ng3 Bh6 19. Be4 Ne3 20. Qd3 Qf7 21. Qa3 Bf8 22. Qa5 Bd6 23. c3 Nc4 24. Qa4 Nb6 25. Qd1 Nc6 26. Qe2 h5 27. Rad1 Ne7 28. Rd2 Ned5 29. Rgd1 Nf4 30. Qf1 Qe7 31. b3 c6 32. c4 Bc7 33. a4 Rxd2 34. Rxd2 Rd8 35.
Qd1 Rxd2 36. Qxd2 Nd7 37. a5 Nc5 38. b4 Nd7 39. b5 cxb5 40. cxb5 Nc5 41. a6 Nxe4 42.
Nxe4 b6 43. Bxf6 Qe8 44. Qc3 Qg8 45. Qc6 Qg2# 0-1

[Event "*** SCC Grand Prix: Titled Tuesday Blitz"]
[Site "Chess.com"]
[Date "2020.08.11"]
[Round "1"]
[White "Fh2411"]
[Black "barbara25"]
[Result "1-0"]
[WhiteElo "2552"]
[BlackElo "2191"]
[TimeControl "180+1"]
[EndTime "10:07:51 PDT"]
[Termination "Fh2411 won by resignation"]

1. d4 d5 2. Nf3 Nf6 3. Bf4 e6 4. e3 Bd6 5. Bg3 O-O 6. Nbd2 b6 7.
Bd3 c5 8. Ne5 Ba6 9. O-O Bxd3 10. Nxd3 Bxg3 11. hxg3 c4 12. Ne5 Nbd7 13. Nxd7 Qxd7 14.
c3 b5 15. g4 a5 16. Qf3 b4 17. g5 Ne8 18. e4 Rd8 19. Rfe1 f6 20. Qg3 Qc7 21. Qh3 f5 22. exd5 exd5 23. Re5 g6 24. Rae1 Ng7 25. Re7 Rd7 26. R7e2 Qd6 27. Nf3 b3 28. a3 a4 29. Qh4 Nh5 30. Ne5 Rg7 31.
f4 Re7 32. Qf2 Rfe8 33. Qf3 Re6 34. g3 Ng7 35. Re3 Qc7 36. Qxd5 Kh8 37. Nxg6+ hxg6 38. Rxe6 Rxe6 39. Rxe6 Nxe6 40. Qxe6 Qb7 41. d5 Qa7+ 42. Kg2 Qb7 43. Qe5+ Kh7 44. Kf2 Qa7+ 45. Qe3 Qd7 46. Qd4 Qd6 47. Qxc4 Qb6+ 48. Qd4 Qa6 49. d6 Qa8 50. d7 Qh1 51. d8=Q Qh2+ 52. Ke1 Qxg3+ 53.
Kd2 Qg2+ 54. Kc1 Qxb2+ 55. Kd1 Qe2+ 56. Kxe2 1-0

[Event "*** SCC Grand Prix: Titled Tuesday Blitz"]
[Site "Chess.com"]
[Date "2020.08.11"]
[Round "1"]
[White "ace_mar"]
[Black "Sesleria"]
[Result "1-0"]
[WhiteElo "2469"]
[BlackElo "1947"]
[TimeControl "180+1"]
[EndTime "10:07:51 PDT"]
[Termination "ace_mar won on time"]

1. d4 Nf6 2. c4 e6 3. g3 c5 4. d5 exd5 5. cxd5 d6 6. Nc3 g6 7. Bg2 Bg7 8. Nf3 O-O 9. O-O Re8 10. Bf4 a6 11. a4 Qb6 12. Qd2 Bg4 13. Ng5 Nbd7 14. h3 h6 15. Nge4 Nxe4 16. Nxe4 Rxe4 17. Bxe4 Bxh3 18. Rfb1 Re8 19. Qc2 Nf6 20. Bd3 Nxd5 21. Bd2 Nb4 22. Bxb4 Qxb4 23. Ra3 Be6 24. Be4 d5 25.
Bf3 Bf5 26. Qd1 Bxb1 27. Qxb1 Qc4 28. Qd1 d4 29. Rd3 b5 30. axb5 axb5 31. Qa1 Qe6 32. Qa5 c4 33. Rd1 Qe5 34. Qb4 h5 35. Kf1 Bf6 36.
Re1 Kg7 37. Bc6 Re6 38. Qxb5 Qxb5 39. Bxb5 Rb6 40. Bxc4 Rxb2 41. Rd1 Be5 42. Bd3 Kf6 43.
Kg2 g5 44. Kf3 Rb4 45. Rc1 g4+ 46. Kg2 Ke6 47. Rc6+ Bd6 48. Bc4+ Ke5 49. Bd3 Rb7 50. Rc8 Kf6 51. Rh8 h4 52. Rxh4 1-0

[Event "*** SCC Grand Prix: Titled Tuesday Blitz"]
[Site "Chess.com"]
[Date "2020.08.11"]
[Round "1"]
[White "PlotnikovPavel"]
[Black "Beca95"]
[Result "0-1"]
[WhiteElo "2423"]
[BlackElo "2881"]
[TimeControl "180+1"]
[EndTime "10:07:52 PDT"]
[Termination "Beca95 won on time"]

1. e4 e5 2. Nf3 Nf6 3. Nc3 Bb4 4. Nxe5 O-O 5. Nd3 Bxc3 6. dxc3 Nxe4 7. Be3 Re8 8. Qf3 d5 9. O-O-O c6 10. Nf4 Qa5 11.
Kb1 Nd7 12. Bd3 Ne5 13. Qe2 Nxd3 14. cxd3 Nf6 15. h3 d4 16. cxd4 Nd5 17. Nxd5 Qxd5 18. Qf3 Qxf3 19. gxf3 Be6 20. h4 h5 21. Rhg1 f6 22. Rg3 Kh7 23. Rdg1 Re7 24. a3 a5 25.
Kc2 Rd8 26. Rc1 Rd5 27. Kd2 Red7 28. Rc5 Bf5 29. Rxd5 Rxd5 30. Rg1 Rb5 31. Kc2 a4 32. Bd2 Rd5 33. Be3 Kg8 34. Rc1 Rb5 35. Bd2 Kf7 36.
Re1 Be6 37. Bc3 Rf5 38. Re3 Bd5 39. Bb4 Rf4 40. Re7+ Kg8 41. Rxb7 Rxf3 42. Be1 Rf4 43. Kc3 Rxh4 44. b4 Rh1 45. Kd2 h4 46. b5 cxb5 47.
Rxb5 Bf3 48. Rf5 Bg4 49. Rf4 f5 50. f3 g5 51. fxg4 gxf4 52. gxf5 h3 0-1